 Dungeon Crawl Stone Soup version 0.20.0-15-g7f486f2 (webtiles) character file.

63 spiff the Caller (level 3, 24/24 HPs)
             Began as a Mummy Summoner on June 25, 2017.
             Quit the game on level 2 of the Dungeon.
             The game lasted 00:06:40 (3552 turns).

spiff the Caller (Mummy Summoner)                   Turns: 3552, Time: 00:06:41

Health: 24/24      AC:  2    Str: 11    XL:     3   Next: 87%
Magic:  8/8        EV: 12    Int: 15    God:
Gold:   109        SH:  0    Dex: 12    Spells: 6/9 levels left

rFire    x . .     SeeInvis .   d - +0 short sword
rCold    + . .     Gourm    .   (no shield)
rNeg     + + +     Faith    .   a - +0 robe
rPois    ∞         Spirit   .   (no helmet)
rElec    .         Reflect  .   (no cloak)
rCorr    .         Harm     .   (no gloves)
MR       .....                  (no boots)
Stlth    ++........             (no amulet)
Regen    0.1/turn               (no ring)
MPRegen  0.2/turn               (no ring)

@: no status effects
A: no food or potions, fire vulnerability, cold resistance 1, negative energy
resistance 3, torment resistance, unbreathing
a: no special abilities


You were on level 2 of the Dungeon.
You were not hungry.

You visited 1 branch of the dungeon, and saw 2 of its levels.

You collected 109 gold pieces.

Inventory:

Hand Weapons
 d - a +0 short sword (weapon)
 e - a +0 dagger
Missiles
 f - 78 stones (quivered)
 j - 13 poisoned needles
Armour
 a - a +0 robe (worn)
Jewellery
 k - a cursed -3 ring of dexterity {unknown}
Scrolls
 c - 3 scrolls of remove curse {unknown}
 g - 3 scrolls of teleportation {unknown}
 h - 2 scrolls of identify {unknown}
 i - 2 scrolls of enchant weapon {unknown}
 l - a scroll of amnesia {unknown}
 m - a scroll of fog {unknown}
Books
 b - a book of Callings

   Spells                             Type                      Level
   a - Summon Small Mammal            Summoning                    1
   b - Call Imp                       Summoning                    2
   c - Call Canine Familiar           Summoning                    3
   d - Summon Guardian Golem          Hexes/Summoning              3
   e - Summon Lightning Spire         Summoning/Air                4
   f - Summon Ice Beast               Ice/Summoning                4


   Skills:
 + Level 2.4 Dodging
 - Level 1.5 Stealth
 + Level 3.5 Spellcasting
 + Level 3.8 Summonings


You had 6 spell levels left.
You knew the following spells:

 Your Spells              Type           Power        Failure   Level  Hunger
a - Summon Small Mammal   Summ           ##..         4%          1    N/A
b - Call Imp              Summ           ##......     6%          2    N/A

Dungeon Overview and Level Annotations

Branches:
Dungeon (2/15)

Altars:


Innate Abilities, Weirdness & Mutations

You do not eat or drink.
Your flesh is vulnerable to fire.
You are immune to poison.
Your flesh is cold resistant. (rC+)
You are immune to negative energy. (rN+++)
You are immune to unholy pain and torment.
You can survive without breathing.


Message History

No target in view!
A ball python comes into view.
Okay, then.
The ball python hisses angrily.
The ball python barely misses you. The ball python closely misses you.
You hit the ball python but do no damage.
The ball python bites you. The ball python barely misses you.
You hit the ball python.
You kill the ball python!
No target in view!
No target in view!
g - 3 scrolls labeled HURINI NOROGU (gained 1)
You see here a whip.
Done exploring.
Done exploring.
Done exploring.
Done exploring.
Done exploring.
Done exploring.
Are you sure you want to abandon this character and quit the game? (Confirm with "yes".)

#....# ###..#
#..# #..#
###..#######
#........).#
#.#...####.#
#.#.#.# #.#
#.#.#.# #@#
#.#.#.# #.#
#.#...# #.#
#.##..# #.#
#.##..# #.#
#.##..####.#
#..........#
####..######
##########..#


There were no monsters in sight!

Vanquished Creatures
  An adder (D:2)
  2 dart slugs (D:1)
  3 leopard geckos (D:2)
  3 giant cockroaches
  A hobgoblin (D:1)
  4 kobolds
  A ball python (D:2)
  3 bats
  A frilled lizard (D:2)
  4 goblins
  4 rats
27 creatures vanquished.

Vanquished Creatures (collateral kills)
  3 worms (D:2)
  A dart slug (D:2)
  2 leopard geckos
  A ball python (D:1)
  3 bats
  A giant cockroach (D:1)
  A goblin (D:2)
  2 hobgoblins
  2 jackals (D:1)
  A frilled lizard (D:1)
17 creatures vanquished.

Grand Total: 44 creatures vanquished

Notes
Turn   | Place    | Note
-------+----------+-------------------------------------------
     0 | D:1      | spiff the Mummy Summoner began the quest for the Orb.
     0 | D:1      | Reached XP level 1. HP: 13/13 MP: 4/4
  1249 | D:1      | Reached XP level 2. HP: 14/19 MP: 3/5
  1253 | D:1      | Learned a level 2 spell: Call Imp
  2011 | D:2      | Reached XP level 3. HP: 24/24 MP: 7/7
  3552 | D:2      | Quit the game

Skill      XL: |  1  2  3 |
---------------+----------+-----
Dodging        | 2 |  2.4
Spellcasting   | 3 |  3.5
Stealth        | |  1.5
Summonings     | |  3.8

Action                   || total
-------------------------++-------
Melee: Unarmed           ||    34
       Short sword       ||   141
 Cast: Summon Small Mamm ||    49
       Call Imp          ||     4
 Stab: Distracted        ||     1
       Sleeping          ||     5
Armor: Robe              ||    33
Dodge: Dodged            ||   124
